 Dungeon Crawl Stone Soup version 0.30-a0-457-g4b7bca3bfa (webtiles) character file.

Game seed: 6366886429373419417

8242 NinjaNoafa the Summoner (level 11, -9/48 HPs)
             Began as a Felid Summoner on Dec 14, 2022.
             Was an Initiate of Gozag.
             Mangled by a blink frog (18 damage)
             ... on level 1 of the Lair of Beasts.
             The game lasted 00:43:08 (16141 turns).

NinjaNoafa the Summoner (Felid Summoner)           Turns: 16141, Time: 00:43:08

Health: -9/48      AC:  2    Str:  4    XL:     11   Next: 7%
Magic:  28/35      EV: 21    Int: 22    God:    Gozag
Gold:   1718       SH:  0    Dex: 14    Spells: 17/30 levels left
                                        Lives:  0   Deaths: 3

rFire   . . .      SeeInvis +    (weapon unavailable)
rCold   . . .      Faith    .    (shield unavailable)
rNeg    . . .      Spirit   .    (body armour unavailable)
rPois   +          Reflect  .    (helmet unavailable)
rElec   .          Harm     .    (cloak unavailable)
rCorr   .          Rampage  .    (gloves unavailable)
Will    +....                    (boots unavailable)
Stlth   ++........               (no amulet)
HPRegen 0.28/turn                l - ring of magical power
MPRegen 0.24/turn                z - ring of poison resistance

@: quick
A: very small, claws 1, fangs 3, see invisible, speed 1, shaggy fur 2, stealthy
paws, no weapons or thrown items, no armour, multi-lived, clumsy 1, mutation
resistance 1, sense surroundings 1
a: Renounce Religion, Potion Petition, Call Merchant, Bribe Branch


You were on level 1 of the Lair of Beasts.
You worshipped Gozag.
Gozag was most pleased with you.
You visited 3 branches of the dungeon, and saw 13 of its levels.
You also visited: Bailey.

You collected 2043 gold pieces.
You spent 143 gold pieces at shops.
You paid 182 gold pieces to Gozag.

Inventory:

Jewellery
 b - the ring "Gythrawei" {rF+ SInv}
   (You took it off an orc on level 4 of the Dungeon)

   [ring of see invisible]

   rF:        It protects you from fire.
   SInv:      It lets you see invisible.
 l - a ring of magical power (left paw)
 w - a ring of ice
 z - a ring of poison resistance (right paw)
Wands
 g - a wand of mindburst (9)
 h - a wand of charming (10)
 u - a wand of flame (24)
 A - a wand of light (10)
 B - a wand of roots (7)
 C - a wand of polymorph (3)
Scrolls
 c - 4 scrolls of teleportation
 d - 2 scrolls of vulnerability
 f - 3 scrolls of fog
 i - 2 scrolls of amnesia
 j - a scroll of torment
 k - 3 scrolls of immolation
 o - 2 scrolls of blinking
 s - 4 scrolls of poison
 y - a scroll of noise
 G - 3 scrolls of summoning
Potions
 a - 2 potions of magic
 e - 5 potions of brilliance
 m - a potion of lignification
 n - 3 potions of heal wounds
 p - 2 potions of might
 q - 6 potions of curing
 r - 3 potions of degeneration
 t - a potion of attraction
 v - 2 potions of ambrosia
 x - a potion of haste
 D - 3 potions of resistance {unknown}
 E - 3 potions of cancellation
 F - a potion of invisibility {unknown}


   Skills:
 + Level 6.1 Fighting
 + Level 8.7 Dodging
 - Level 2.6 Stealth
 - Level 10.0 Spellcasting
 - Level 5.0 Hexes
 - Level 10.0 Summonings
 - Level 7.0 Air Magic
 - Level 5.0 Evocations


You had 17 spell levels left.
You knew the following spells:

 Your Spells              Type           Power      Damage    Failure   Level
a - Summon Small Mammal   Summ           100%       N/A       1%          1
b - Call Imp              Summ           53%        N/A       1%          2
c - Call Canine Familiar  Summ           53%        N/A       1%          3
d - Summon Guardian Gole  Hex/Summ       44%        N/A       1%          3
e - Summon Lightning Spi  Summ/Air       48%        N/A       1%          4

Your spell library contained the following spells:

 Spells                   Type           Power      Damage    Failure   Level
 Swiftness                Air            41%        N/A       1%          3
 Ensorcelled Hibernation  Hex/Ice        44%        N/A       3%          2
 Foxfire                  Conj/Fire      44%        2x1d6     6%          1
 Necrotise                Necr           44%        1d6       6%          1
 Passwall                 Tmut/Erth      9%         N/A       9%          2
 Hailstorm                Conj/Ice       11%        3d5       19%         3
 Spider Form              Tmut/Pois      11%        N/A       19%         3
 Vampiric Draining        Necr           11%        2d6       19%         3
 Anguish                  Hex/Necr       11%        N/A       22%         4
 Yara's Violent Unravell  Hex/Tmut       11%        3d6       52%         5
 Freezing Cloud           Conj/Ice/Air   10%        6-21      54%         5
 Agony                    Necr           11%        N/A       86%         5
 Enfeeble                 Hex            16%        N/A       100%        7
 Polar Vortex             Ice            5%         N/A       100%        9


Dungeon Overview and Level Annotations

Branches:
Dungeon (11/15)            Temple (1/1) D:5            Lair (1/5) D:11
    Orc (0/2) D:10         Bailey (visited)

Altars:
Ashenzari
Cheibriados
Dithmenos
Elyvilon
Fedhas
Gozag
Hepliaklqana
Kikubaaqudgha
Makhleb
Nemelex Xobeh
Okawaru
Qazlal
Ru
Sif Muna
Trog
Uskayaw
Vehumet
Wu Jian
Xom
Yredelemnul
Zin
The Shining One

Shops:
D:1 (   D:3 (   D:4 ?   D:7 *

Portals:
Trove: D:10 (give 2 scrolls of acquirement)

Annotations:
D:7 5 transporters


Innate Abilities, Weirdness & Mutations

You have sharp claws.
You have razor-sharp teeth.
You have supernaturally acute eyesight. (SInv)
You cover ground quickly. (Speed+)
You are covered in thick fur. (AC +2)
Your paws help you pounce on unaware monsters.
You are incapable of wielding weapons or throwing items.
You cannot wear armour.
You gain extra lives every three experience levels.
You are clumsy. (Dex -2)
You are somewhat resistant to further mutation.
You passively map a small area around you.


Message History

The bolt of electricity misses the blink frog.
The blink frog blinks!
Your lightning spire shoots out a bolt of lightning at the blink frog!
The bolt of electricity misses the blink frog.
You see here a potion of brilliance.
e - 5 potions of brilliance (gained 1)
The blink frog blinks! x2
The blink frog attacks as you move away!
The blink frog misses you.
Your lightning spire disappears in a puff of smoke!
The blink frog blinks!
The blink frog misses you.
Casting: Summon Lightning Spire (dangerous; 1% risk of failure)
Confirm with . or Enter, or press ? or * to list all spells.
An electric hum fills the air.
The blink frog blinks!
The blink frog closely misses you. The blink frog misses you.
Casting: Summon Lightning Spire (dangerous; 1% risk of failure)
Confirm with . or Enter, or press ? or * to list all spells.
The blink frog hits you! The komodo dragon bites you!!
Ouch! That really hurt!
* * * LOW HITPOINT WARNING * * *
The blink frog blinks!
The blink frog completely misses you.
Your wolf bites the komodo dragon!
The blink frog barely misses you.
The blink frog attacks as you move away!
The blink frog closely misses you.
The blink frog blinks!
Your wolf barely misses the komodo dragon.
Okay, then.
Okay, then.
You feel much better.
The blink frog blinks!
The blink frog completely misses you.
The blink frog blinks!
Your wolf bites the blink frog.
The blink frog blinks!
The blink frog completely misses you.
As you read the scroll of summoning, it crumbles to dust.
Wisps of shadow whirl around you...
Your wolf closely misses the blink frog.
The blink frog misses you. The komodo dragon bites you!!
* * * LOW HITPOINT WARNING * * *
The blink frog hits you!!
You die...
Your body crumbles into a pile of gold.

##P ##.~~~≈≈~.~###..##
#..###..~.~.~..###...#
#....#.#####P.........
##........####.........
#..........# #.........
* ##..........#
##........ *
#...........#
#.........
##....F.FFh.#
##........
#.....@l...#* #........
* .......Sl.8..#
#........
.....Y.S.....#
#........
.##.Y..Y....##
###...### * ##Y.YY...##
##### # #########


You could see a komodo dragon (ally target), 3 blink frogs, a friendly komodo
dragon (summoned), a friendly black mamba (summoned), 6 friendly yaks, a
friendly water moccasin (summoned), a friendly wolf (summoned) and a friendly
lightning spire (summoned).

Vanquished Creatures
  An orc priest (D:4)
  A hobgoblin (D:2)
  A jackal (D:2)
  A quokka (D:2)
  A frilled lizard (D:2)
5 creatures vanquished.

Vanquished Creatures (collateral kills)
  A two-headed ogre (D:9)
  A deep elf zephyrmancer (D:7)
  A cane toad (Lair:1)
  2 komodo dragons (D:11)
  A troll (D:11)
  24 yaks
  A basilisk (D:11)
  A steam dragon (D:9)
  2 vampire mosquitoes (D:7)
  A water moccasin (D:11)
  An acid dragon (D:11)
  2 black bears (D:11)
  2 ice beasts
  2 sky beasts (D:7)
  13 orc warriors
  2 ogres
  3 centaurs
  A phantom (D:7)
  A kobold brigand (D:8)
  4 bullfrogs
  2 scorpions
  A gnoll sergeant (D:5)
  14 killer bees
  2 howler monkeys
  2 lava snakes
  3 hounds
  2 jellies
  2 gnoll boudas
  8 orc priests
  Natasha (D:2)
  Terence (D:2)
  2 iguanas
  13 orc wizards
  7 gnolls
  An adder (D:3)
  2 white imps
  An ufetubus (D:4)
  3 worms
  3 dart slugs
  36 orcs
  7 ball pythons
  2 endoplasms
  7 giant cockroaches
  6 goblins
  5 hobgoblins
  9 jackals
  5 quokkas
  7 bats
  2 frilled lizards (D:1)
  12 kobolds
  3 rats
237 creatures vanquished.

Vanquished Creatures (others)
  A two-headed ogre (D:11)
  A troll (D:11)
  Prince Ribbit (D:7)
  A wyvern (D:10)
  5 yaks (D:10)
  A steam dragon (D:7)
  Menkaure (D:7)
  A water moccasin (D:7)
  An orc warrior (Bailey)
  An ogre (D:5)
  A centaur (D:5)
  A scorpion (D:6)
  A killer bee (D:10)
  A hound (D:4)
  3 gnolls
  2 adders
  An ufetubus (D:7)
  A worm (D:4)
  3 orcs
  43 fungi
  30 plants (D:11)
101 creatures vanquished.

Grand Total: 343 creatures vanquished

Notes
Turn   | Place    | Note
-------+----------+-------------------------------------------
     0 | D:1      | NinjaNoafa the Felid Summoner began the quest for the Orb.
     0 | D:1      | Reached XP level 1. HP: 7/7 MP: 4/4
   189 | D:1      | Reached XP level 2. HP: 8/11 MP: 4/6
   297 | D:1      | Learned a level 2 spell: Call Imp
   738 | D:1      | You fall into a shaft and drop 1 floor!
   894 | D:1      | Found Oremuova's Antique Weapon Shop.
   961 | D:1      | Reached XP level 3. HP: 14/14 MP: 5/8
  1864 | D:2      | Noticed Terence
  1917 | D:2      | Learned a level 3 spell: Call Canine Familiar
  1968 | D:2      | Killed Terence
  1969 | D:2      | Reached XP level 4. HP: 18/18 MP: 0/9
  2176 | D:2      | Found a faded altar of an unknown god.
  2254 | D:2      | Noticed Natasha
  2308 | D:2      | Killed Natasha
  2309 | D:2      | Reached skill level 5 in Summonings
  2722 | D:3      | Found Jocvim's Weapon Emporium.
  3036 | D:3      | Identified the +4 ring mail of the Hall of Blades {rPois
                  | Dex+4}
  3308 | D:3      | Found a radiant altar of Vehumet.
  3502 | D:4      | Learned a level 3 spell: Summon Guardian Golem
  3519 | D:4      | Noticed a scorpion
  3697 | D:4      | Killed a scorpion
  3698 | D:4      | Reached XP level 5. HP: 3/22 MP: 11/11
  3699 | D:4      | HP: 1/22 [poisoned by a scorpion]
  3700 | D:4      | Gained mutation: You are somewhat resistant to further
                  | mutation. [potion of mutation]
  3700 | D:4      | Gained mutation: You passively map a small area around you.
                  | [potion of mutation]
  3700 | D:4      | Gained mutation: You are clumsy. (Dex -2) [potion of
                  | mutation]
  4144 | D:4      | Gained mutation: You are covered in thick fur. (AC +2)
                  | [Felid growth]
  4144 | D:4      | Reached XP level 6. HP: 27/27 MP: 9/12
  4699 | D:4      | Found Wolatsed's Magic Scroll Shoppe.
  4706 | D:4      | Bought a scroll of fear for 52 gold pieces
  4706 | D:4      | Bought a scroll of identify for 26 gold pieces
  4706 | D:4      | Bought a scroll of teleportation for 39 gold pieces
  4706 | D:4      | Bought a scroll of identify for 26 gold pieces
  4787 | D:4      | Identified the ring "Gythrawei" {rF+ SInv}
  5132 | D:5      | Entered Level 5 of the Dungeon
  5203 | D:5      | Reached skill level 5 in Dodging
  5450 | D:5      | Reached XP level 7. HP: 30/30 MP: 8/13
  5572 | D:5      | Found a burning altar of Makhleb.
  5845 | D:5      | Reached skill level 5 in Hexes
  6046 | D:5      | Reached skill level 1 in Evocations
  6158 | D:5      | Found a blossoming altar of Fedhas.
  6226 | D:5      | Found a staircase to the Ecumenical Temple.
  6267 | Temple   | Entered the Ecumenical Temple
  7172 | D:5      | Reached skill level 5 in Evocations
  7303 | D:6      | Reached XP level 8. HP: 21/34 MP: 13/14
  8115 | D:6      | Learned a level 4 spell: Summon Lightning Spire
  8307 | D:6      | Found a hazy altar of Hepliaklqana.
  8309 | D:6      | Found a faded altar of an unknown god.
  8444 | D:7      | Found Puivug's Fire Supplies.
  8486 | D:7      | Reached skill level 1 in Air Magic
  8624 | D:7      | Reached skill level 5 in Spellcasting
  8785 | D:7      | Found a shimmering blue altar of Sif Muna.
  8991 | D:7      | Noticed Menkaure
  9034 | D:7      | Killed Menkaure
  9130 | D:7      | Found a transporter.
  9148 | D:7      | Found a transporter.
  9200 | D:7      | Reached XP level 9. HP: 33/37 MP: 18/18
  9219 | D:7      | Noticed Prince Ribbit
  9237 | D:7      | Killed Prince Ribbit
  9472 | D:7      | Found a transporter.
  9473 | D:7      | Noticed a cyclops
  9486 | D:7      | Found a transporter.
  9486 | D:7      | Found a transporter.
  9490 | D:7      | Noticed a troll
  9496 | D:7      | Identified the +5 war axe "Erarph" {protect, Dex+3}
  9796 | D:7      | Noticed a deep elf zephyrmancer
  9809 | D:7      | Killed from afar by a deep elf zephyrmancer
  9810 | D:7      | Reached XP level 8. HP: 0/34 MP: 23/27
 10069 | D:8      | Got the Lessons on Rime and Incandescence
 10266 | D:8      | Found an opulent altar of Gozag.
 10399 | D:8      | Became a worshipper of Gozag Ym Sagoz the Greedy
 10653 | D:9      | Noticed a two-headed ogre
 10743 | D:9      | Noticed a two-headed ogre
 10772 | D:9      | Killed a two-headed ogre
 10773 | D:9      | Reached XP level 9. HP: 25/37 MP: 12/20
 10775 | D:9      | Reached skill level 5 in Air Magic
 11761 | D:10     | Entered Level 10 of the Dungeon
 12189 | D:10     | Found a flagged portal.
 12195 | D:10     | Found a snail-covered altar of Cheibriados.
 12203 | Bailey   | Entered a bailey
 12503 | Bailey   | Reached XP level 10. HP: 41/41 MP: 18/22
 13058 | D:10     | Found a portal to a secret trove of treasure.
 13422 | D:7      | Killed a deep elf zephyrmancer
 13802 | D:9      | Demolished by a two-headed ogre
 13803 | D:9      | Reached XP level 9. HP: -14/37 MP: 31/31
 13858 | D:9      | Engulfed by a steam dragon's steam
 13859 | D:9      | Reached XP level 8. HP: -3/34 MP: 26/30
 13929 | D:10     | Learned a level 2 spell: Ensorcelled Hibernation
 14096 | D:10     | Reached skill level 10 in Summonings
 14097 | D:10     | Reached XP level 9. HP: 37/37 MP: 13/22
 14345 | D:10     | Found a staircase to the Orcish Mines.
 14357 | D:10     | Identified the +6 falchion of Mygud {freeze, rF- Str+4
                  | Int+4}
 14373 | D:10     | Found a hide-covered altar of Uskayaw.
 14469 | D:11     | Noticed a two-headed ogre
 14473 | D:11     | Noticed a troll
 14487 | D:11     | Killed a troll
 14489 | D:11     | Killed a two-headed ogre
 14490 | D:11     | Reached skill level 10 in Spellcasting
 14490 | D:11     | Reached XP level 10. HP: 41/41 MP: 19/25
 14818 | D:11     | Found a staircase to the Lair.
 15199 | D:11     | Reached skill level 5 in Fighting
 15548 | D:11     | Reached XP level 11. HP: 48/48 MP: 25/26
 15960 | Lair:1   | Entered Level 1 of the Lair of Beasts
 16141 | Lair:1   | Mangled by a blink frog

Illustrated notes

Levels and vault maps discovered:
D:1:      psy_arrival_fountain, layout_basic, serial_shops,
          nicolae_lakefront_shop
D:2:      layout_basic, shapermc_ecumenical_altar_acropolis, grunt_ministairs_1,
          uniq_terence, uniq_natasha
D:3:      layout_basic, nicolae_vehumet_altar_sigil, serial_shops,
          nicolae_shop_bloodbath_and_beyond
D:4:      layout_basic, serial_shops, shop, chequers_avenue,
          small_statue_intersection
D:5:      layout_basic, mainiacjoe_overflow_boulevard, marbit_many_paths,
          minmay_temple_entry_offerings, nicolae_concentric_dashed_squares_mild
D:6:      layout_loops_cross, beargit_hepliaklqana_dungeon_heroes,
          eino_small_chamber_without_monster, minmay_misc_feat_rugged
D:7:      gammafunk_the_bubble [the_bubble_gammafunk_roulette], layout_basic,
          mainiacjoe_overflow_tiny_flanked, hex_intersection,
          nicolae_shop_fire_sale [nicolae_sub_dead_trees],
          guppyfry_early_elven_hall, uniq_menkaure, uniq_prince_ribbit1
D:8:      layout_rooms, nicolae_gozag_seed_capital
D:9:      layout_loops_ring, kennysheep_flooded_box
D:10:     layout_big_octagon, kennysheep_slug_shrine, nicolae_uskayaw_suspiria,
          orc_0_dummy, enter_bailey_6, enter_trove_1, grunt_ogre_cave,
          kennysheep_nub
D:11:     layout_gridville, due_lair_maze_entry_diamond
Temple:   nicolae_temple_superstar
Lair:1:   layout_cave_pods, dreamdust_wasp_nest, infiniplex_staircase_pool_2

Skill      XL: |  1  2  3  4  5  6  7  8  9 10 11 |
---------------+----------------------------------+-----
Spellcasting   | 3 7 10 8 | 10.0
Summonings     | 5 10 9 | 10.0
Fighting       | 2 5 6 |  6.1
Dodging        | 3 5 8 |  8.7
Hexes          | 4 5 |  5.0
Evocations     | 5 |  5.0
Air Magic      | 7 6 |  7.0
Stealth        | |  2.6

Action                   |  1- 3 |  4- 6 |  7- 9 | 10-12 || total
-------------------------+-------+-------+-------+-------++-------
Melee: Unarmed           |     1 |    12 |     3 |     1 ||    17
       Bite              |       |     2 |       |       ||     2
 Cast: Summon Small Mamm |    56 |    58 |    96 |    22 ||   232
       Call Imp          |    13 |    24 |    49 |    12 ||    98
       Call Canine Famil |     1 |    30 |    63 |    13 ||   107
       Summon Guardian G |       |     8 |    34 |    14 ||    56
       Summon Lightning  |       |       |    29 |    29 ||    58
       Ensorcelled Hiber |       |       |     2 |     5 ||     7
Evoke: Wand              |       |     3 |     1 |     4 ||     8
  Use: Potion            |       |     4 |       |     4 ||     8
       Scroll            |       |     6 |    12 |     3 ||    21
 Stab: Sleeping          |       |     1 |       |       ||     1
Armor: Skin              |     7 |     1 |     2 |       ||    10
Dodge: Dodged            |    54 |    35 |    60 |    56 ||   205

Table legend: (Time is in decaauts)
 A = Elapsed time spent in this place.
 B = Non-inter-level travel time spent in this place.
 C = Inter-level travel time spent in this place.
 D = Time resting spent in this place.
 E = Time spent auto-exploring this place.
 F = Levels seen in this place.
 G = Mean time per level.
                   A        B        C        D        E       F      G
               +--------+--------+--------+--------+--------+-----+--------+
         Total |  14355 |  13676 |    679 |      0 |  10277 |  14 | 1025.4 |
       Dungeon |  13562 |  12898 |    664 |      0 |   9682 |  11 | 1232.9 |
        Temple |    105 |     91 |     14 |      0 |     80 |   1 |  105.0 |
          Lair |    153 |    153 |      0 |      0 |    115 |   1 |  153.0 |
        Bailey |    533 |    533 |      0 |      0 |    399 |   1 |  533.0 |
               +--------+--------+--------+--------+--------+-----+--------+

Top non-repeatable levels by time:
     D:7: 1648 daAuts
     D:9: 1609 daAuts
     D:4: 1419 daAuts
     D:6: 1412 daAuts
    D:11: 1362 daAuts
     D:5: 1333 daAuts
     D:2: 1231 daAuts
     D:1: 972 daAuts
     D:3: 907 daAuts
     D:8: 868 daAuts
    D:10: 796 daAuts
  Bailey: 533 daAuts
  Lair:1: 153 daAuts
  Temple: 105 daAuts
